 Dungeon Crawl Stone Soup version 0.19.5 (webtiles) character file.

32 McKennaii the Skirmisher (level 3, 0/29 HPs)
             Began as a Demonspawn Abyssal Knight on May 1, 2017.
             Was a Follower of Lugonu.
             Slain by an adder (2 damage)
             ... on level 1 of the Dungeon.
             The game lasted 00:02:09 (918 turns).

McKennaii the Skirmisher (Demonspawn Abyssal Knight) Turns: 918, Time: 00:02:09

Health: 0/29       AC:  4    Str: 12    XL:     3   Next: 10%
Magic:  5/5        EV: 13    Int: 13    God:    Lugonu [*.....]
Gold:   323        SH:  0    Dex: 13    Spells: 0 memorised, 2 levels left

rFire  . . .     SeeInvis .     a - +1 falchion
rCold  . . .     Gourm    .     h - +0 leather armour "Sycwadac" {rN+}
rNeg   + . .     Faith    .     (no shield)
rPois  .         Spirit   .     (no helmet)
rElec  .         Reflect  .     (no cloak)
rCorr  .         Harm     .     g - +0 pair of gloves
MR     .....                    (no boots)
Stlth  +.........               (no amulet)
                                (no ring)
                                (no ring)

@: lethally poisoned (0 -> -15)
A: repulsion field 1
a: Depart the Abyss, Renounce Religion


You were on level 1 of the Dungeon.
You worshipped Lugonu.
Lugonu was aware of your devotion.
You were not hungry.

You visited 1 branch of the dungeon, and saw 2 of its levels.
You visited the Abyss 1 time.

You collected 323 gold pieces.

Inventory:

Hand Weapons
 a - a +1 falchion (weapon)
Armour
 g - a +0 pair of gloves (worn)
 h - the +0 leather armour "Sycwadac" (worn) {rN+}
   (You found it on level 3 of the Abyss)

   It protects you from negative energy.
Scrolls
 b - 2 scrolls of remove curse {unknown}
 k - 2 scrolls of identify {unknown}
 m - a scroll of magic mapping {unknown}
Potions
 e - a potion of resistance {unknown}
 f - a potion of curing {unknown}
 i - 2 potions of haste {unknown}
 l - a potion of flight {unknown}
 n - a potion of brilliance {unknown}
Comestibles
 c - 2 bread rations
 d - 3 meat rations
 j - 10 fruits
 o - 3 chunks of flesh


   Skills:
 + Level 3.6 Fighting
 + Level 2.2 Long Blades
 + Level 2.0 Armour
 + Level 1.1 Dodging
 + Level 2.7 Invocations


You had 2 spell levels left.
You didn't know any spells.

Dungeon Overview and Level Annotations

Branches:
Dungeon (2/15)

Altars:


Innate Abilities, Weirdness & Mutations

You are surrounded by a mild repulsion field. (EV +2)


Message History

You are more poisoned.
The adder poisons you!
You miss the adder.
The adder is heavily wounded.
* * * LOW HITPOINT WARNING * * *
You feel sick. The kobold closely misses you. The rat barely misses you.
You riposte.
You completely miss the rat. The adder bites you but does no damage.
The kobold barely misses you.
You riposte.
You miss the kobold. The rat completely misses you.
You riposte.
You hit the rat but do no damage. You miss the adder.
The adder is heavily wounded.
* * * LOW HITPOINT WARNING * * *
You feel sick. The adder barely misses you. The rat misses you.
The kobold hits you but does no damage. The adder bites you but does no damage.
You closely miss the adder.
The adder is heavily wounded.
* * * LOW HITPOINT WARNING * * *
You feel sick. The adder bites you.
You die...

..#####+#######..........########
..'.....# #..........# ..#######
#.....)....# ###
#########..........#
#.......#..........#
#.......#..........#
#.......#..........#
#######.......#r.S.......#
..............'K@#########
.....#........####
.....#........# .....#........#
.....#........# [....#........#
.....#........# .....#.########
.....#.########


You could see an adder, a kobold and a rat.

Vanquished Creatures
  2 oozes (D:1)
  A giant cockroach (D:1)
  6 goblins (D:1)
  6 hobgoblins (D:1)
  A bat (D:1)
  4 kobolds (D:1)
  3 rats (D:1)
23 creatures vanquished.

Vanquished Creatures (others)
  A lurking horror (Abyss:3)
1 creature vanquished.

Grand Total: 24 creatures vanquished

Notes
Turn   | Place    | Note
-------+----------+-------------------------------------------
     0 | Abyss:1  | McKennaii the Demonspawn Abyssal Knight began the quest for the Orb.
     0 | Abyss:1  | Reached XP level 1. HP: 18/18 MP: 2/2
    13 | Abyss:1  | Found a corrupted altar of Lugonu.
   125 | Abyss:3  | Got a scorched leather armour
   136 | Abyss:3  | Identified the +0 leather armour "Sycwadac" {rN+} (You found it on level 3 of the Abyss)
   173 | Abyss:3  | Noticed a thrashing horror
   173 | D:1      | Escaped the Abyss
   210 | D:1      | Reached skill level 1 in Dodging
   223 | D:1      | Gained mutation: You are surrounded by a mild repulsion field. (EV +2) [demonic ancestry]
   223 | D:1      | Reached XP level 2. HP: 18/24 MP: 3/3
   386 | D:1      | Reached * piety under Lugonu
   619 | D:1      | Reached XP level 3. HP: 11/29 MP: 3/5
   918 | D:1      | Slain by an adder

Skill      XL: |  1  2 |
---------------+-------+-----
Dodging        | 1 |  1.1
Long Blades    | 2 |  2.2
Armour         | 2 |  2.0
Fighting       | |  3.6
Invocations    | |  2.7

Action                   || total
-------------------------++-------
Melee: Falchion          ||    76
Invok: Depart the Abyss  ||     1
Armor: Leather armour    ||    37
Dodge: Dodged            ||    76
       Rpst.: Falchion   ||    25
